 Dungeon Crawl Stone Soup version 0.29.1-2-gbd0b4ee654 (webtiles) character file.

Game seed: 7631773427904043405

192297 Raikaria the Warrior (level 19, -11/154 HPs)
             Began as a Djinni Hunter on Nov 11, 2022.
             Was a High Priest of Ashenzari.
             Mangled by an emperor scorpion (26 damage)
             ... on level 3 of the Spider Nest.
             The game lasted 01:17:38 (21896 turns).

Raikaria the Warrior (Djinni Hunter)               Turns: 21896, Time: 01:17:39

Health: -11/154    AC: 22    Str:  8    XL:     19   Next: 39%
Gold:   1415       EV: 13    Int: 12    God:    Ashenzari [*****.] SH:  0 Dex: 27

rFire   + + +      SeeInvis +   K - +9 longbow "Bound Repose" {flame, Range, Evo} (curse)
rCold   + . .      Faith    .   (shield currently unavailable)
rNeg    . . .      Spirit   .   c - +3 troll leather armour "I Knew You'd Do That" {Regen+, Snorg, Range, Fort} (curse)
rPois   ∞          Reflect  +   P - +1 helmet "Revealing Portent" {Evo, Range} (curse)
rElec   +          Harm     .   D - +1 cloak of the Clairvoyant Seer {Self, Fort} (curse)
rCorr   +          Rampage  .   R - +2 pair of gloves "Ensconced Prison" {rF+ rC+, Range, Fort} (curse)
Will    +....      Clarity  +   (boots unavailable)
Stlth   +.........              T - amulet of the Stellar Seer {Reflect SH+5, Range, Self} (curse)
HPRegen 1.15/turn               i - ring "Ocopapla" {Ice rCorr MP+9 Slay+3}
MPRegen 0.00/turn               b - ring "Roedwy" {rElec rF+ AC+4 Dex+3 Stlth-}

@: flying, held, slowed, very slow
A: sickness immunity, fire resistance 3, cold vulnerability 1, float, innate
caster, HP casting, extra vitality 1, weak 1
a: Renounce Religion, Shatter the Chains


You were on level 3 of the Spider Nest.
You worshipped Ashenzari.
Ashenzari was extremely pleased with you.
You visited 5 branches of the dungeon, and saw 27 of its levels.
You visited 1 bazaar.
You also visited: Bailey and Ice Cave.

You collected 2881 gold pieces.
You spent 1466 gold pieces at shops.

Inventory:

Hand Weapons
 o - the +8 sling of Tender Mercy {speed, Will+}
   (You bought it in a shop on level 1 of the Dungeon)

   Attacks with this weapon are significantly faster.
   Will:      It increases your willpower.
 K - the cursed +9 longbow "Bound Repose" (weapon) {flame, Range, Evo}
   (You took it off an orc in a bailey)

   Any ammunition fired from it burns those it strikes, dealing additional fire
   damage.
   It has a curse which improves the following skills: Ranged Combat: Ranged
   Weapons and Throwing.
   Evocations: Evocations.
Armour
 c - the cursed +3 troll leather armour "I Knew You'd Do That" (worn) {Regen+, Snorg, Range, Fort}
   (You found it on level 4 of the Lair of Beasts)

   Regen:     It increases your rate of health regeneration.
   It has a curse which improves the following skills: Ranged Combat: Ranged
   Weapons and Throwing.
   Fortitude: Armour and Shields.
 g - a +0 kite shield
 D - the cursed +1 cloak of the Clairvoyant Seer (worn) {Self, Fort}
   (You took it off Crazy Yiuf on level 5 of the Dungeon)

   It has a curse which improves the following skills: Introspection: Fighting
   and Spellcasting.
   Fortitude: Armour and Shields.
 P - the cursed +1 helmet "Revealing Portent" (worn) {Evo, Range}
   (You found it on level 3 of the Lair of Beasts)

   It has a curse which improves the following skills: Evocations: Evocations.
   Ranged Combat: Ranged Weapons and Throwing.
 R - the cursed +2 pair of gloves "Ensconced Prison" (worn) {rF+ rC+, Range, Fort}
   (You bought it in a shop on level 12 of the Dungeon)

   rF:        It protects you from fire.
   rC:        It protects you from cold.
   It has a curse which improves the following skills: Ranged Combat: Ranged
   Weapons and Throwing.
   Fortitude: Armour and Shields.
Jewellery
 a - a ring of resist corrosion
 b - the ring "Roedwy" (right hand) {rElec rF+ AC+4 Dex+3 Stlth-}
   (You found it in an ice cave)

   [ring of protection]

   AC:        It affects your AC (+4).
   Dex:       It affects your dexterity (+3).
   rF:        It protects you from fire.
   rElec:     It insulates you from electricity.
   Stlth:     It makes you less stealthy.
 i - the ring "Ocopapla" (left hand) {Ice rCorr MP+9 Slay+3}
   (You found it in an ice cave)

   [ring of ice]

   It enhances your ice magic.
   Slay:      It affects your accuracy & damage with ranged weapons and melee
   (+3).
   rF:        It makes you vulnerable to fire.
   rC:        It protects you from cold.
   MP:        It affects your magic capacity (+9).
   rCorr:     It protects you from acid and corrosion.
 l - a +4 ring of slaying
 T - the cursed amulet of the Stellar Seer (around neck) {Reflect SH+5, Range, Self}
   (You bought it in a shop on level 2 of the Orcish Mines)

   [amulet of reflection]

   It reflects blocked missile attacks.
   SH:        It affects your SH (+5).
   It has a curse which improves the following skills: Ranged Combat: Ranged
   Weapons and Throwing.
   Introspection: Fighting and Spellcasting.
 U - an amulet of regeneration
Wands
 r - a wand of flame (44)
 z - a wand of charming (5)
 A - a wand of iceblast (23)
 B - a wand of acid (17)
 M - a wand of digging (4)
 N - a wand of mindburst (10)
Scrolls
 e - 2 scrolls of enchant weapon
 h - a scroll of brand weapon
 j - 6 scrolls of teleportation
 m - 4 scrolls of magic mapping
 n - 4 scrolls of fog
 y - 2 scrolls of enchant armour
 E - 3 scrolls of fear
 G - 2 scrolls of silence
 O - 6 scrolls of poison
 S - 3 scrolls of blinking
Potions
 d - 5 potions of lignification
 f - 14 potions of curing
 p - 3 potions of haste
 q - 3 potions of might
 w - 3 potions of cancellation
 C - 4 potions of berserk rage
 F - 3 potions of resistance
 H - 2 potions of brilliance
 I - 5 potions of mutation
 J - 3 potions of invisibility
 Q - a potion of heal wounds
Miscellaneous
 L - a phantom mirror


   Skills:
 + Level 16.2(19.5) Fighting
 - Level 15.8(22.1) Ranged Weapons
 - Level 9.5(14.0) Armour
 + Level 15.5 Dodging
 - Level 0.7 Stealth
 - Level 8.1(12.6) Shields
 - Level 7.5(11.0) Evocations


You couldn't memorise any spells.
You knew the following spells:

 Your Spells              Type           Power      Damage    Failure   Level
a - Necrotise             Necr           4%         1d4       32%         1
b - Static Discharge      Conj/Air       1%         3-4/arc   45%         2
c - Ignite Poison         Fire/Tmut/Pois 1%         N/A       69%         3
d - Summon Ice Beast      Ice/Summ       2%         N/A       97%         4
e - Metabolic Englaciati  Hex/Ice        1%         N/A       100%        5
f - Lee's Rapid Deconstr  Erth           0%         3d5*      100%        5
g - Conjure Ball Lightni  Conj/Air       0%         3x3d6     100%        6
h - Statue Form           Tmut/Erth      0%         N/A       100%        6
i - Summon Cactus Giant   Summ           0%         N/A       100%        6
Your spell library was empty.


Dungeon Overview and Level Annotations

Branches:
Dungeon (15/15)            Temple (1/1) D:4            Lair (5/5) D:9
 Shoals (0/4) Lair:3       Spider (4/4) Lair:3        Slime (0/5) Lair:5
    Orc (2/2) D:10            Elf (0/3) Orc:2        Vaults (0/5) D:13
 Depths (0/4) D:15         Bailey (visited)           IceCv (visited)

Altars:
Ashenzari
Cheibriados
Dithmenos
Elyvilon
Fedhas
Gozag
Hepliaklqana
Makhleb
Nemelex Xobeh
Okawaru
Qazlal
Ru
Trog
Uskayaw
Xom
Jiyva

Shops:
D:1 (   D:6 ([=*   D:12 ([*   D:14 *   Orc:2 :?=*

Portals:
Trove: D:12 (give +4 demon blade)

Annotations:
D:7 2 transporters
D:13 2 transporters, kwasso's ghost, journeyman DsGl
D:14 3 runed translucent doors, Opnastoc's ghost, journeyman MiBe
Lair:1 exclusion: oklob plant
Lair:5 exclusion: obsidian statue


Innate Abilities, Weirdness & Mutations

You are immune to sickness and miasma.
You are immune to poison.
Your flesh is almost immune to the effects of heat. (rF+++)
You are vulnerable to cold. (rC-)
You float through the air rather than walking.
You learn spells naturally, not from books.
Your magical power is your life essence.
You have superior vitality. (+4 MHP)
You are weak. (Str -2)


Message History

The jumping spider completely misses you.
The emperor scorpion stings you!!
* * * LOW HITPOINT WARNING * * *
The emperor scorpion misses you.
The emperor scorpion claws you but does no damage.
You feel much better. The emperor scorpion barely misses you.
The emperor scorpion closely misses you. x2
The jumping spider pounces on you but does no damage.
The jumping spider barely misses you.
A jorogumo comes into view.
A wolf spider comes into view.
The jumping spider pounces on you!
* * * LOW HITPOINT WARNING * * *
You are caught in a web!
The jumping spider bites you but does no damage.
The emperor scorpion misses you. x2; The emperor scorpion claws you.
* * * LOW HITPOINT WARNING * * *
The torpor snail completely misses you.
As you read the scroll of fear, it crumbles to dust.
You assume a fearsome visage.
The emperor scorpion is unaffected.
The tarantella looks frightened!
The torpor snail looks frightened!
The redback looks frightened!
The jumping spider looks frightened!
The redback looks frightened!
The emperor scorpion misses you.
The emperor scorpion claws you but does no damage. x2
The jumping spider leaps!
The emperor scorpion stings you but does no damage.
The emperor scorpion claws you but does no damage.
The emperor scorpion misses you.
The jumping spider leaps!
The emperor scorpion stings you!
* * * LOW HITPOINT WARNING * * *
The emperor scorpion claws you but does no damage.
The emperor scorpion claws you.
* * * LOW HITPOINT WARNING * * *
The wolf spider's many legs skitter.
You feel much better. The emperor scorpion stings you!
* * * LOW HITPOINT WARNING * * *
The emperor scorpion misses you. The emperor scorpion barely misses you.
The wolf spider hits you.
* * * LOW HITPOINT WARNING * * *
The wolf spider closely misses you. The emperor scorpion stings you!!
You die...

* ,,, ,,* * *
,**...########
* * **{ * ***
{ ** ** * , ,
***,,{* , * *
* * ,*,{, ,* ,
* ,,, * {,{ *
* ####..##,,
,, * * * **,,
*##..##### *
,, , ,,, **
,*#°....####,
,*** ,*, , *
{.#s@°..# ,,
^, * * ,
*,s#s....# , ,
,,**
,∆,.##.#w.# ,
,,* * , * ,
.####...#, ,
,*, , * *..# *
* ,, ** **,ss#
* * ** ##* , ,
*^,, ,, ,,,,
** *, * ,,,


You could see an emperor scorpion (berserk), a torpor snail (fleeing), a wolf
spider, a jumping spider and 2 redbacks.

Vanquished Creatures
  Gastronok (Orc:1)
  Agnes (Spider:4)
  Kirke (Lair:5)
  A draconian knight (IceCv)
  2 ghost moths (Spider:4)
  An orc warlord (Bailey)
  Azrael (Spider:2)
  3 dire elephants (Lair:5)
  3 entropy weavers (Spider:4)
  A spark wasp (Spider:4)
  5 white draconians (IceCv)
  Snorg (Lair:4)
  A yaktaur captain (D:13)
  Josephine (Lair:3)
  8 hydras
  4 boulder beetles
  A jorogumo (Spider:2)
  4 two-headed ogres
  3 centaur warriors
  A catoblepas (D:14)
  4 radroaches
  16 death yaks
  Sonja (Lair:5)
  7 skeletal warriors
  2 spectral death yaks (Lair:5)
  A spectral anaconda (Lair:5)
  3 pharaoh ants
  A sun moth (Spider:1)
  A steelbarb worm (Spider:4)
  4 orb spiders
  An orange crystal statue (IceCv)
  A phantasmal warrior (D:15)
  A tengu zombie (D:15)
  4 necromancers
  A manticore (D:13)
  2 deep elf pyromancers
  11 wolf spiders
  A tengu skeleton (D:15)
  9 orc sorcerers (Orc:2)
  14 ugly things
  4 moths of wrath
  8 cyclopes
  4 elephants (Lair:5)
  2 merfolk sirens (Lair:3)
  2 torpor snails (Spider:1)
  4 black mambas
  11 storm dragon simulacra (IceCv)
  A rime drake (Lair:2)
  9 cane toads
  6 demonic crawlers
  A kobold demonologist (D:11)
  2 efreet
  9 komodo dragons
  2 tengu conjurers (D:14)
  2 yaktaurs (D:13)
  2 merfolk (Lair:3)
  2 golden dragon simulacra (IceCv)
  A spriggan skeleton (D:15)
  2 meliai (Spider:4)
  9 trolls
  2 hornets (D:9)
  2 polar bears
  Prince Ribbit (D:7)
  14 tarantellas
  5 slime creatures (D:15)
  11 blink frogs
  An ettin zombie (D:15)
  6 dream sheep
  13 jumping spiders
  A shadow (D:12)
  6 wyverns
  A centaur simulacrum (D:15)
  4 vampires
  6 culicivoras
  A dire elephant simulacrum (Lair:5)
  6 wraiths
  4 fire elementals (Spider:2)
  A yak (shapeshifter) (D:14)
  37 yaks
  4 hogs (Lair:5)
  3 basilisks
  21 redbacks
  5 steam dragons
  3 vampire mosquitoes
  8 wargs
  2 spectral cane toads (Lair:5)
  An acid dragon (D:10)
  17 water moccasins
  4 hell hounds (Spider:2)
  4 sky beasts
  5 black bears
  5 ice dragon simulacra (IceCv)
  26 orc warriors
  4 ice beasts
  16 wolves
  5 boggarts (D:15)
  3 elephant zombies (Lair:5)
  2 ogres
  10 centaurs
  2 elephant skeletons (Lair:5)
  A phantom (D:6)
  5 kobold brigands
  2 gnoll sergeants (D:11)
  10 bullfrogs
  A scorpion (D:6)
  A cane toad simulacrum (Lair:5)
  15 wights
  23 killer bees
  An elephant simulacrum (Lair:5)
  3 lindwurm simulacra (IceCv)
  A howler monkey (D:10)
  2 electric eels
  3 hounds (D:4)
  15 jellies
  7 orc priests
  Crazy Yiuf (D:5)
  3 iguanas
  Ijyb (D:3)
  Natasha (twice) (D:3)
  33 orc wizards
  A boggart simulacrum (D:15)
  19 gnolls
  6 adders
  A shadow imp (D:7)
  A white imp (D:6)
  An ufetubus (D:6)
  4 worms
  A dart slug (D:2)
  99 orcs
  7 endoplasms
  2 giant cockroaches
  21 goblins
  15 hobgoblins
  6 jackals (D:4)
  4 quokkas
  3 ball pythons
  2 bats (D:3)
  2 frilled lizards
  12 kobolds
  4 rats
825 creatures vanquished.

Vanquished Creatures (others)
  A tarantella (Spider:2)
  3 humans (Lair:5)
  2 jellies
  An orc wizard (Orc:2)
  A gnoll (D:5)
  20 fungi
  24 plants
  31 withered plants
83 creatures vanquished.

Grand Total: 908 creatures vanquished

Notes
Turn   | Place    | Note
-------+----------+-------------------------------------------
     0 | D:1      | Raikaria the Djinni Hunter began the quest for the Orb.
     0 | D:1      | Reached XP level 1. HP: 18/18 MP: 0/0
   280 | D:1      | Found Keasygg's Antique Weapon Shoppe.
   338 | D:1      | Reached XP level 2. HP: 23/23 MP: 0/0
   682 | D:2      | Found a faded altar of an unknown god.
   732 | D:2      | Reached XP level 3. HP: 28/28 MP: 0/0
   732 | D:2      | Learned a level 1 spell: Necrotise
  1360 | D:1      | Bought a dazzling sling for 117 gold pieces
  1360 | D:1      | Identified the +8 sling of Tender Mercy {speed, Will+} (You
                  | bought it in a shop on level 1 of the Dungeon)
  1689 | D:3      | Noticed a water moccasin
  1695 | D:3      | Killed a water moccasin
  1696 | D:3      | Reached skill level 5 in Ranged Weapons
  1696 | D:3      | Reached XP level 4. HP: 23/33 MP: 0/0
  1696 | D:3      | Reached XP level 5. HP: 27/38 MP: 0/0
  1696 | D:3      | Learned a level 2 spell: Static Discharge
  1806 | D:3      | Noticed Natasha
  1808 | D:3      | Killed Natasha
  1810 | D:3      | Noticed Ijyb
  1816 | D:3      | Killed Ijyb
  1817 | D:3      | Reached XP level 6. HP: 38/43 MP: 0/0
  1881 | D:3      | Noticed Natasha
  1885 | D:3      | Killed Natasha
  1961 | D:4      | Noticed a black bear
  2151 | D:5      | Entered Level 5 of the Dungeon
  2199 | D:4      | Killed a black bear
  2200 | D:4      | Reached XP level 7. HP: 47/49 MP: 0/0
  2200 | D:4      | Learned a level 3 spell: Ignite Poison
  2553 | D:4      | Found a staircase to the Ecumenical Temple.
  2562 | Temple   | Entered the Ecumenical Temple
  2572 | Temple   | Became a worshipper of Ashenzari the Shackled
  2733 | D:5      | Reached skill level 3 in Fighting
  2781 | D:6      | Found a shimmering altar of Xom.
  2850 | D:5      | Reached XP level 8. HP: 56/56 MP: 0/0
  3080 | D:5      | Found a runed translucent door.
  3081 | D:5      | Noticed Crazy Yiuf
  3086 | D:5      | Killed Crazy Yiuf
  3257 | D:5      | Reached skill level 4 in Fighting
  3420 | D:5      | Reached skill level 5 in Dodging
  3567 | D:6      | Found Evvurhar's Antique Weapon Emporium.
  3645 | D:6      | Reached skill level 5 in Fighting
  3804 | D:6      | Found Heit's Jewellery Shoppe.
  3813 | D:6      | Reached * piety under Ashenzari
  3824 | D:6      | Reached XP level 9. HP: 66/66 MP: 0/0
  3824 | D:6      | Learned a level 4 spell: Summon Ice Beast
  4011 | D:6      | Found Kajoq's General Store.
  4219 | D:6      | Found Wenuhalu's Armour Boutique.
  4526 | D:7      | Noticed a +0 short sword
  4526 | D:7      | Noticed a +0 falchion
  4527 | D:7      | Noticed a +0 spear
  4527 | D:7      | Noticed a +0 short sword
  4527 | D:7      | Noticed a +0 falchion
  4527 | D:7      | Noticed a +0 dagger
  4527 | D:7      | Noticed a +0 dagger
  4527 | D:7      | Noticed a +0 spear
  4540 | D:7      | Found a hide-covered altar of Uskayaw.
  4635 | D:7      | Found a transporter.
  4695 | D:7      | Found a transporter.
  4729 | D:7      | Noticed Prince Ribbit
  4732 | D:7      | Killed Prince Ribbit
  4813 | D:7      | Reached skill level 1 in Evocations
  4813 | D:7      | Reached XP level 10. HP: 72/72 MP: 0/0
  4947 | D:8      | Reached skill level 10 in Ranged Weapons
  5012 | D:8      | Noticed a two-headed ogre
  5021 | D:8      | Killed a two-headed ogre
  5172 | D:8      | Found a sparkling altar of Nemelex Xobeh.
  5282 | D:8      | Reached skill level 1 in Shields
  5728 | D:9      | Noticed a two-headed ogre
  5734 | D:9      | Killed a two-headed ogre
  5757 | D:9      | Gained mutation: You occasionally lose the ability to read
                  | scrolls when taking damage. [potion of mutation]
  5757 | D:9      | Gained mutation: You are weak. (Str -2) [potion of
                  | mutation]
  5757 | D:9      | Lost mutation: You occasionally lose the ability to read
                  | scrolls when taking damage. [potion of mutation]
  5757 | D:9      | Gained mutation: Your flesh is almost immune to the effects
                  | of heat. (rF+++) [potion of mutation]
  5818 | D:9      | Reached XP level 11. HP: 49/76 MP: 0/0
  5818 | D:9      | Learned a level 5 spell: Metabolic Englaciation
  5939 | D:9      | Found a staircase to the Lair.
  5970 | D:10     | Entered Level 10 of the Dungeon
  6012 | D:11     | Identified Xaxuciy's Exposition on the Retinue
  6051 | D:10     | Found a flagged portal.
  6177 | Bailey   | Entered a bailey
  6448 | Bailey   | Noticed an orc warlord
  6518 | Bailey   | Killed an orc warlord
  7252 | D:9      | Reached XP level 12. HP: 83/83 MP: 0/0
  7418 | Lair:1   | Entered Level 1 of the Lair of Beasts
  7712 | Lair:1   | Reached skill level 6 in Fighting
  7717 | Lair:1   | Noticed a death yak
  7717 | Lair:1   | Noticed a death yak
  7720 | Lair:1   | Noticed a death yak
  7720 | Lair:1   | Noticed a death yak
  7767 | Lair:1   | Killed a death yak
  7779 | Lair:1   | Killed a death yak
  7788 | Lair:1   | Killed a death yak
  7798 | Lair:1   | Killed a death yak
  7847 | Lair:1   | Reached ** piety under Ashenzari
  8414 | Lair:2   | Reached skill level 7 in Fighting
  8617 | Lair:2   | Reached skill level 1 in Armour
  8751 | Lair:2   | Reached skill level 5 in Shields
  8812 | Lair:2   | Reached XP level 13. HP: 94/94 MP: 0/0
  8812 | Lair:2   | Learned a level 5 spell: Lee's Rapid Deconstruction
  9201 | Lair:3   | Found a hole to the Spider Nest.
  9228 | Lair:3   | Noticed a four-headed hydra
  9241 | Lair:3   | Killed a four-headed hydra
  9325 | Lair:3   | Reached skill level 5 in Armour
  9545 | Lair:3   | Reached skill level 8 in Fighting
  9823 | Lair:3   | Found a staircase to the Shoals.
  9847 | Lair:3   | Noticed Josephine
  9863 | Lair:3   | Killed Josephine
 10229 | Lair:4   | Noticed Snorg
 10248 | Lair:4   | Killed Snorg
 10319 | Lair:5   | Entered Level 5 of the Lair of Beasts
 10341 | Lair:4   | Reached *** piety under Ashenzari
 10540 | Lair:4   | Reached skill level 9 in Fighting
 10948 | Lair:4   | Reached skill level 5 in Evocations
 10967 | Lair:4   | Reached XP level 14. HP: 105/105 MP: 0/0
 11595 | Lair:5   | Reached **** piety under Ashenzari
 11611 | Lair:5   | Reached skill level 10 in Fighting
 11624 | Lair:5   | Noticed Kirke
 11641 | Lair:5   | Noticed a sphinx
 11655 | Lair:5   | Killed Kirke
 11764 | Lair:5   | Noticed a dire elephant
 11764 | Lair:5   | Noticed a dire elephant
 11765 | Lair:5   | Noticed a dire elephant
 11787 | Lair:5   | Noticed Sonja
 11805 | Lair:5   | Killed Sonja
 11806 | Lair:5   | Reached skill level 10 in Dodging
 11847 | Lair:5   | Found a staircase to the Slime Pits.
 11849 | Lair:5   | Found a viscous altar of Jiyva.
 12056 | Lair:5   | Found the +5 demon whip "Spellbinder" {antimagic, Will+}
 12309 | Lair:5   | Identified the +10 falchion of Perversion {flame, rCorr
                  | Str+3}
 12450 | Lair:5   | Reached skill level 11 in Fighting
 12584 | Lair:5   | Killed a dire elephant
 12604 | Lair:5   | Killed a dire elephant
 12645 | Lair:5   | Killed a dire elephant
 13240 | D:10     | Reached XP level 15. HP: 115/115 MP: 0/0
 13240 | D:10     | Learned a level 6 spell: Conjure Ball Lightning
 13296 | D:10     | Found a staircase to the Orcish Mines.
 13406 | D:11     | Identified Juoz Wou's Compendium of Hyperbolic Breath
 14010 | D:11     | Reached skill level 12 in Fighting
 14052 | D:12     | Found the +15 Maxwell's patent armour {-Cast -Tele rElec
                  | Will+ rCorr}
 14086 | D:12     | Found Mihyer's Assorted Antiques.
 14104 | D:12     | Found Goekleong's Antique Armour Boutique.
 14110 | D:12     | Found Cigeplit's Antique Weapon Shoppe.
 14125 | D:12     | Found a flickering gateway to a bazaar.
 14147 | Bazaar   | Entered a bazaar
 14151 | Bazaar   | Found Logimist's Weapon Boutique.
 14168 | Bazaar   | Found Lakhlahe's Assorted Antiques.
 14203 | Bazaar   | Found Riripp's Book Boutique.
 14219 | Bazaar   | Found Xeno's Assorted Antiques.
 14224 | Bazaar   | Bought a scroll of teleportation for 99 gold pieces
 14303 | Bazaar   | Bought an ancient ring mail for 288 gold pieces
 14303 | Bazaar   | Identified the +4 ring mail of the Game of Life {Int+2
                  | SInv} (You bought it in a shop in a bazaar)
 14450 | D:12     | Bought a pair of masterwork gloves for 313 gold pieces
 14450 | D:12     | Identified the +2 pair of gloves of Ryphibrei {rF+ rC+}
                  | (You bought it in a shop on level 12 of the Dungeon)
 14467 | D:12     | Bought a scroll of teleportation for 84 gold pieces
 14579 | D:12     | Found a portal to a secret trove of treasure.
 15073 | D:11     | Identified the +8 flail "Arbiter" {elec, Dex+2 SInv}
 15740 | D:13     | Found a gate to the Vaults.
 15922 | D:13     | Found a transporter.
 15932 | D:13     | Found a transporter.
 15933 | D:13     | Found a bloodstained altar of Trog.
 15933 | D:13     | Noticed kwasso's ghost (journeyman DsGl)
 16275 | D:13     | Reached skill level 13 in Fighting
 16539 | D:14     | Found a runed translucent gate.
 16540 | D:14     | Found a runed translucent gate.
 16540 | D:14     | Found a runed translucent gate.
 16540 | D:14     | Found an opulent altar of Gozag.
 16553 | D:14     | Noticed a frost giant
 16554 | D:14     | Noticed Opnastoc's ghost (journeyman MiBe)
 16555 | D:14     | Found Kuaqamar's Assorted Antiques.
 16578 | D:14     | Reached skill level 15 in Ranged Weapons
 16609 | D:15     | Entered Level 15 of the Dungeon
 17464 | D:15     | Reached XP level 16. HP: 124/124 MP: 0/0
 17557 | D:15     | Reached ***** piety under Ashenzari
 17689 | D:15     | Found a staircase to the Depths.
 18168 | Orc:1    | Entered Level 1 of the Orcish Mines
 18363 | Orc:2    | Entered Level 2 of the Orcish Mines
 18411 | Orc:1    | Noticed Gastronok
 18417 | Orc:1    | Killed Gastronok
 18685 | Orc:2    | Found a staircase to the Elven Halls.
 18686 | Orc:2    | Found Ecucefur's Book Shop.
 18794 | Orc:2    | Found Dyge's General Store.
 18794 | Orc:2    | Found Dulured's Jewellery Shop.
 18801 | Orc:2    | Bought an amulet of reflection for 510 gold pieces
 18823 | Orc:2    | Bought a potion of heal wounds for 55 gold pieces
 18823 | Orc:2    | Reached XP level 17. HP: 133/133 MP: 0/0
 18823 | Orc:2    | Learned a level 6 spell: Statue Form
 18824 | Orc:2    | Reached skill level 14 in Fighting
 18824 | Orc:2    | Reached XP level 18. HP: 141/141 MP: 0/0
 18882 | Orc:2    | Found Timionta's Magic Scroll Shoppe.
 19325 | Spider:1 | Entered Level 1 of the Spider Nest
 19479 | Spider:2 | Noticed Azrael
 20305 | Spider:2 | Killed Azrael
 20413 | Spider:2 | Reached ****** piety under Ashenzari
 20721 | Spider:3 | Reached skill level 15 in Fighting
 20805 | Spider:4 | Entered Level 4 of the Spider Nest
 20846 | Spider:4 | Noticed Agnes
 20850 | Spider:4 | Found a frozen archway.
 20997 | Spider:4 | Reached XP level 19. HP: 157/157 MP: 0/0
 20997 | Spider:4 | Learned a level 6 spell: Summon Cactus Giant
 21112 | IceCv    | Entered an ice cave
 21443 | IceCv    | Reached skill level 15 in Dodging
 21490 | IceCv    | Identified the ring "Roedwy" {rElec rF+ AC+4 Dex+3 Stlth-}
 21491 | IceCv    | Identified the ring "Ocopapla" {Ice rCorr MP+9 Slay+3}
 21746 | Spider:4 | Killed Agnes
 21747 | Spider:4 | Reached skill level 16 in Fighting
 21895 | Spider:3 | HP: 6/154 [emperor scorpion (2)]
 21896 | Spider:3 | Mangled by an emperor scorpion

Illustrated notes

Levels and vault maps discovered:
D:1:      evilmike_arrival_rings, layout_rooms, serial_shops,
          nicolae_shop_window_shopping
D:2:      layout_loops_ring, basic_ecumenical_altar
D:3:      layout_rooms, minmay_goblin_kobold_house, uniq_natasha, uniq_ijyb
D:4:      layout_cave_pools, mainiacjoe_overflow_tiny_flanked,
          lemuel_temple_firewalk_b
D:5:      layout_loops_ring, dreamdust_gnoll_farm, uniq_crazy_yiuf_cottage
D:6:      layout_loops_cross, overflow_temple_1_default, serial_shops, shop,
          shop, shop, nicolae_shop_crystal, chequers_serial_rivers_small_b,
          minivault_5, nicolae_eternal_life, chequers_serial_rivers_marsh
D:7:      gammafunk_steamed_eel, layout_basic, nicolae_uskayaw_en_pointe,
          uniq_prince_ribbit1
D:8:      layout_loops_ring, mainiacjoe_overflow_chevrons
D:9:      kennysheep_ambush_hall, layout_loops_cross, erik_lair_orcish_takeover
D:10:     layout_loops_corners, hiddenorc2_lemuel, enter_bailey_8,
          minmay_joined_circles
D:11:     kennysheep_blocky_hall, layout_basic, nicolae_lava_and_water,
          nzn_life_drinkers
D:12:     layout_roguey, serial_shops, bzr_entry_customers,
          nicolae_lakefront_shop, nicolae_shop_hallway_plus,
          nicolae_shop_window_shopping, nicolae_trove_entry_free_sample,
          dreamdust_deal_with_the_devil
D:13:     layout_loops_corners, david_vaults_2,
          gammafunk_ghost_wrathful_warriors, kennysheep_small_spiral,
          minmay_variable_closet, hangedman_ranch
D:14:     layout_loops_ring, ebering_ghost_gozag
D:15:     gammafunk_depths_entry_grave, layout_irregular_city,
          nrook_mini_backslash
Temple:   dpeg_three_leaves_temple
Lair:1:   layout_roguey, grunt_megastairs_1, serial_bayou_shore_b
Lair:2:   layout_chaotic_city
Lair:3:   layout_chaotic_city, elwin_shoals_entry_stream,
          spider_nest_entry_rubble, uniq_josephine
Lair:4:   layout_cave_pods, serial_bayou_pond_d, serial_bayou_ford_a,
          minmay_holes, beast_lair_carwin_2, uniq_snorg
Lair:5:   due_jungle_book, layout_small_grid, minmay_slime_entry_jelly_boxes,
          uniq_kirke, uniq_sonja
Spider:1: layout_cave_pods
Spider:2: layout_spider_delve, uniq_azrael
Spider:3: layout_spider_delve
Spider:4: hellmonk_spider_rune_bug_friends, portal_ice_cave_entry_ugly_swarm,
          uniq_agnes
Orc:1:    layout_caves, mines1_david, uniq_gastronok
Orc:2:    st_orc_town, layout_diamond_mine

Skill      XL: |  1  2  3  4  5  6  7  8  9 10 11 12 13 14 15 16 17 18 19 |
---------------+----------------------------------------------------------+-----
Ranged Weapons | 4 5 6 7 9 11 13 14 15 | 15.8
Dodging        | 3 5 7 8 11 12 14 15 | 15.5
Fighting       | 3 5 7 9 11 13 14 15 16 | 16.2
Evocations     | 1 4 5 7 |  7.5
Shields        | 3 4 5 8 |  8.1
Armour         | 3 5 7 8 9 |  9.5
Stealth        | |  0.7

Action                   |  1- 3 |  4- 6 |  7- 9 | 10-12 | 13-15 | 16-18 | 19-21 || total
-------------------------+-------+-------+-------+-------+-------+-------+-------++-------
Melee: Sling             |       |       |       |     1 |       |       |       ||     1
 Fire: Shortbow          |    78 |       |       |       |       |       |       ||    78
       Sling             |    21 |    72 |   247 |   667 |   895 |       |       ||  1902
       Longbow           |       |       |       |       |   396 |   525 |   207 ||  1128
Invok: Curse Item        |       |       |     2 |     1 |     4 |     3 |       ||    10
       Shatter the Chain |       |       |       |       |     1 |     1 |     2 ||     4
Evoke: Wand              |       |       |       |     1 |     5 |       |       ||     6
  Use: Scroll            |       |       |    11 |     2 |     7 |     2 |     2 ||    24
       Potion            |       |       |       |     3 |       |     3 |     3 ||     9
Armor: Leather armour    |    11 |     1 |    13 |       |       |       |       ||    25
       Steam dragon scal |       |       |     3 |    26 |     9 |       |       ||    38
       Troll leather arm |       |       |       |       |    95 |    18 |    66 ||   179
Dodge: Dodged            |    24 |     5 |    51 |   112 |   379 |   100 |   205 ||   876
Block: Buckler           |       |       |       |    54 |   108 |       |       ||   162
       Other             |       |       |       |       |       |    21 |    35 ||    56
